 Dungeon Crawl Stone Soup version 0.31-a0-1620-gcbf77bbcfc (webtiles) character file.

Game seed: 1288062234948019917

10468 kae the Destroyer (level 11, -3/63 HPs)
             Began as a Tengu Fire Elementalist on Jan 11, 2024.
             Was a Believer of Vehumet.
             Slain by a troll (11 damage)
             ... on level 10 of the Dungeon.
             The game lasted 00:10:45 (10897 turns).

kae the Destroyer (Tengu Fire Elementalist)        Turns: 10897, Time: 00:10:45

Health: -3/63      AC: 14    Str:  9    XL:     11   Next: 62%
Magic:  1/21       EV: 16    Int: 20    God:    Vehumet [**....]
Gold:   1108       SH:  5    Dex: 20    Spells: 9/22 levels left

rFire   + + +        i - staff of fire {!a}
rCold   x . .        (no shield)
rNeg    . . .        c - +4 fire dragon scales
rPois   .            (helmet restricted)
rElec   .            (no cloak)
rCorr   +            (no gloves)
SInv    .            (boots unavailable)
Will    .....        e - amulet of reflection
Stlth   +            R - ring of resist corrosion
HPRegen 0.30/turn    D - +6 ring of dexterity
MPRegen 0.17/turn

%: reflection, acrobat
@: flying, very slightly contaminated
A: beak, talons 3, evasive flight, acrobatic
a: Renounce Religion


You were on level 10 of the Dungeon.
You worshipped Vehumet.
Vehumet was pleased with you.
You visited 2 branches of the dungeon, and saw 11 of its levels.
You also visited: Bailey.

You collected 1168 gold pieces.
You spent 60 gold pieces at shops.


Innate Abilities, Weirdness & Mutations

You have a beak for a mouth.
You have claws for feet.
Your magical flight helps you evade attacks. (EV +4)
You can magically evade attacks while moving or waiting.


   Skills:
 + Level 5.0 Fighting
 + Level 0.1 Staves
 + Level 6.0 Armour
 - Level 10.3 Dodging
 - Level 2.0 Stealth
 + Level 6.0 Spellcasting
 - Level 11.1 Conjurations
 - Level 10.0 Fire Magic
 + Level 0.1 Evocations


You had 9 spell levels left.
You knew the following spells:

 Your Spells              Type           Power      Damage    Failure   Level
a - Foxfire               Conj/Fire      100%       2x1d9     1%          1
b - Scorch                Fire           100%       2d9       2%          2
c - Inner Flame           Hex/Fire       39%        N/A       36%         3
d - Flame Wave            Conj/Fire      64%        2d15      13%         4
e - Volatile Blastmotes   Fire/Tloc      78%        2d16      36%         3

Your spell library contained the following spells:

 Spells                   Type           Power      Damage    Failure   Level
 Shock                    Conj/Air       100%       1d9       11%         1
 Stone Arrow              Conj/Erth      56%        3d10      30%         3
 Sandblast                Erth           12%        2d6       69%         1
 Brom's Barrelling Bould  Conj/Erth      28%        2d5       71%         4
 Ensorcelled Hibernation  Hex/Ice        12%        N/A       83%         2
 Jinxbite                 Hex            12%        N/A       83%         2
 Ozocubu's Armour         Ice            6%         N/A       96%         3
 Passwall                 Erth           6%         N/A       96%         3
 Swiftness                Air            6%         N/A       96%         3
 Airstrike                Air            3%         2d(1-17)  100%        4
 Vhi's Electric Charge    Tloc/Air       12%        N/A       100%        4
 Metabolic Englaciation   Hex/Ice        3%         N/A       100%        5
 Yara's Violent Unravell  Hex/Alch       3%         3d4       100%        5
 Enfeeble                 Hex            3%         N/A       100%        7

Inventory:

Missiles
 d - 5 darts of dispersal {=f!f}
 g - 136 stones
 k - 6 poisoned darts
 q - 4 throwing nets {=f!f}
 s - 2 curare-tipped darts {=f}
 w - 14 boomerangs
Armour
 a - a +0 robe
 c - +4 fire dragon scales (worn)
   (You found it on level 1 of the Dungeon)
Magical Staves
 i - a staff of fire (weapon) {!a}
   (You acquired it on level 3 of the Dungeon)
 l - a staff of earth {!a}
   (You found it on level 2 of the Dungeon)
 u - a staff of alchemy {!a}
   (You found it on level 8 of the Dungeon)
Jewellery
 e - an amulet of reflection (around neck)
   (You found it on level 1 of the Dungeon)
 D - a +6 ring of dexterity (right hand)
   (You found it on level 6 of the Dungeon)
 P - a ring of poison resistance
   (You found it on level 9 of the Dungeon)
 R - a ring of resist corrosion (left hand)
   (You found it on level 2 of the Dungeon)
Wands
 y - a wand of iceblast (7)
   (You found it on level 7 of the Dungeon)
 z - a wand of charming (9)
   (You found it on level 7 of the Dungeon)
Scrolls
 f - 3 scrolls of brand weapon
 n - 3 scrolls of torment {!r}
 p - 6 scrolls of teleportation {@r4}
 r - 2 scrolls of revelation
 B - a scroll of fear
 C - a scroll of fog
Potions
 b - a potion of haste {@q3}
 h - 2 potions of magic
 j - 6 potions of curing {@q1}
 m - 2 potions of berserk rage {!q}
 o - 2 potions of mutation {!q}
 t - a potion of enlightenment
 v - a potion of might
 x - a potion of experience {unknown}
 A - 2 potions of brilliance
 E - 2 potions of degeneration {!q}
 F - a potion of heal wounds {@q2}
 G - a potion of resistance {unknown}
 I - a potion of lignification {!q}

Dungeon Overview and Level Annotations

Branches:
Dungeon (10/15) Zot: 26737  Temple (1/1) D:5 Zot: 5987  Bailey (visited)
   Lair: D:8-11         Orc: D:9-12

Altars:
Ashenzari
Cheibriados
Dithmenos
Elyvilon
Fedhas
Hepliaklqana
Kikubaaqudgha
Makhleb
Okawaru
Qazlal
Ru
Sif Muna
Trog
Uskayaw
Vehumet
Wu Jian
Xom
Yredelemnul
Zin
The Shining One

Shops:
D:1 [ D:8

! ............#
...........# .P.~♣.P
.........(# .~~~♣..
.........# . ♣♣~~♣~..
........# #.♣~♣~~
..#+###.......##
...~~~~♣♣♣.......T......
.....~~~~.#.#...@[..#..
..P...÷.................
#P......#.....#.....##
...#P.....###.#.#.#.###
..............#.....#
##.####.[<#####.#.#.# #
#...## #..... #.###
#####.. #. ###


You could see a troll.


Message History

You claw the acid dragon, but do no damage.
You peck the acid dragon, but do no damage.
The acid dragon bites you but does no damage.
The acid dragon barely misses you. The troll bites you!
The troll completely misses you. The troll misses you. 😮 HP[-22]
You take 22 damage, and now have 39/63 hp.
MASSIVE DAMAGE!! (PAUSE)
Casting: Flame Wave (dangerous; 13% risk of failure)
Confirm with . or Enter, or press ? or * to list all spells.
Casting: Flame Wave (dangerous; 13% risk of failure)
Press: ? - help, Dir - look around, f - activate You feel a surge of power!
You miscast Flame Wave.
You are very lightly contaminated with residual magic.
Nothing appears to happen.
The acid dragon closely misses you.
The acid dragon claws you but does no damage.
The troll closely misses you. The troll misses you.
The troll closely misses you. 😮 HP[+1] MP[-4]
You lost 4 mp, and now have 10/21 mp.
Casting: Flame Wave (dangerous; 13% risk of failure)
Confirm with . or Enter, or press ? or * to list all spells.
Casting: Flame Wave (dangerous; 13% risk of failure)
Press: ? - help, Dir - look around, f - activate You feel a surge of power!
You miscast Flame Wave.
Nothing appears to happen.
The acid dragon spits acid at you. The splash of acid misses you.
The troll closely misses you. The troll misses you.
You block the troll's attack. 😮 MP[-4]
You lost 4 mp, and now have 6/21 mp.
Casting: Flame Wave (dangerous; 13% risk of failure)
Confirm with . or Enter, or press ? or * to list all spells.
Casting: Flame Wave (dangerous; 13% risk of failure)
Press: ? - help, Dir - look around, f - activate You feel a surge of power!
A wave of flame ripples out!
The flame wave engulfs the acid dragon!
You kill the acid dragon!
Vehumet accepts your kill.
You feel your power returning.
The acid dragon scales are intact enough to wear.
The flame wave engulfs the troll! (Press . to intensify the flame waves.)
The troll bites you! The troll claws you.
* * * LOW HITPOINT WARNING * * *
The troll claws you!
* * * LOW HITPOINT WARNING * * *
😨 HP[-19] MP[-2]
You take 19 damage, and now have 21/63 hp.
MASSIVE DAMAGE!! (PAUSE)
You lost 2 mp, and now have 4/21 mp.
A wave of flame ripples out!
The flame wave engulfs the troll!
The troll completely misses you. x3 😨 MP[-1]
You lost 1 mp, and now have 3/21 mp.
A wave of flame ripples out!
The flame wave engulfs the troll!
You finish channelling waves of flame.
The troll completely misses you. x2
The troll claws you.
* * * LOW HITPOINT WARNING * * *
😨 MP[-1]
You lost 1 mp, and now have 2/21 mp.
Casting: Flame Wave (dangerous; 13% risk of failure)
Confirm with . or Enter, or press ? or * to list all spells.
You feel a surge of power!
Flames lash the troll.
The troll's fire resistance burns away.
The troll barely misses you. You block the troll's attack.
The troll misses you. The troll closely misses you.
The troll completely misses you. You block the troll's attack. 😨 MP[-2]
You lost 2 mp, and now have 0/21 mp.
Unknown command.
You hit the troll but do no damage. You claw the troll, but do no damage.
The troll bites you but does no damage. You block the troll's attack.
The troll misses you. 😨 HP[+1]
You closely miss the troll. You claw the troll. Your peck misses the troll.
The troll is no longer more vulnerable to fire.
The troll bites you.
* * * LOW HITPOINT WARNING * * *
The troll closely misses you.
The troll claws you but does no damage. 😨 HP[-6] MP[+1]
You take 6 damage, and now have 16/63 hp.
Unknown command.
You hit the troll but do no damage. Your kick misses the troll.
The troll closely misses you. The troll barely misses you.
The troll closely misses you.
You hit the troll but do no damage. You claw the troll. You peck the troll.
The troll closely misses you. You block the troll's attack.
The troll closely misses you. The troll bites you!
* * * LOW HITPOINT WARNING * * *
The troll barely misses you. The troll claws you.
* * * LOW HITPOINT WARNING * * *
😱 HP[-8]
You take 8 damage, and now have 8/63 hp.
Unknown command.
You hit the troll. You claw the troll, but do no damage. The troll misses you.
The troll completely misses you. The troll claws you!
You die...

Skill      XL: |  1  2  3  4  5  6  7  8  9 10 11 |
---------------+----------------------------------+-----
Conjurations   | 2 3 4 5 6 7 9 11 | 11.1
Fire Magic     | 4 5 7 8 10 | 10.0
Spellcasting   | 3 4 6 |  6.0
Fighting       | 4 5 |  5.0
Armour         | 6 |  6.0
Dodging        | 6 10 | 10.3
Staves         | |  0.1
Stealth        | |  2.0
Evocations     | |  0.1

Action                     |  1- 3 |  4- 6 |  7- 9 | 10-12 || total
---------------------------+-------+-------+-------+-------++-------
  Melee: Unarmed           |    25 |       |       |       ||    25
         Kick              |     8 |       |     2 |    41 ||    51
         Peck              |     4 |       |     2 |    26 ||    32
         Staff             |       |       |     3 |   118 ||   121
         Punch             |       |       |       |     2 ||     2
   Cast: Foxfire           |    45 |    52 |   239 |    46 ||   382
         Scorch            |     6 |     3 |    30 |    32 ||    71
         Inner Flame       |       |     1 |       |     5 ||     6
         Flame Wave        |       |       |     8 |    20 ||    28
    Use: Scroll            |       |     3 |    12 |     7 ||    22
         Potion            |       |       |     4 |     4 ||     8
 Armour: Robe              |    10 |     3 |    69 |     4 ||    86
         Fire dragon scale |       |       |       |   179 ||   179
  Dodge: Dodged            |    26 |     2 |   214 |   228 ||   470
  Block: Other             |       |     4 |    47 |    65 ||   116
         Reflection        |       |     2 |     1 |     6 ||     9

Levels and vault maps discovered:
D:1:      shiori_arrival_elements, layout_rooms, serial_shops,
          nicolae_shop_hallway_plus, minmay_misc_feat_x
D:2:      layout_basic, minmay_tromino_i2
D:3:      layout_basic, general_overflow_altar, lemuel_crystal_altar,
          uniq_grinder, uniq_jessica, uniq_natasha
D:4:      layout_loops_cross, trog_antimagical
D:5:      layout_basic, kennysheep_little_box, kennysheep_okawaru_gauntlet,
          mainiacjoe_overflow_concentric_impassable, minmay_temple_entry_grid,
          ebering_ghost_reflecting_pool, uniq_edmund
D:6:      layout_loops_cross, nzn_random_ring
D:7:      layout_loops_ring, minmay_mini_ossuary
D:8:      layout_basic, serial_shops, shop, enter_bailey_5, dk_noncrumbling_4,
          uniq_prince_ribbit1
D:9:      layout_gridville, nicolae_uskayaw_suspiria,
          mainiacjoe_overflow_alcove_1, uniq_psyche
D:10:     layout_basic, grunt_temple_overflow_opulence, orc_0_dummy,
          serial_bayou, serial_bayou_shore_a, serial_bayou_pond_e,
          serial_bayou_pond_a, serial_bayou_pond_a
Temple:   hellmonk_temple_two_chambers

Notes
Turn   | Place    | Note
-------+----------+-------------------------------------------
     0 | D:1      | kae the Tengu Fire Elementalist began the quest for the
                  | Orb.
     0 | D:1      | Reached XP level 1. HP: 10/10 MP: 4/4
     0 | D:1      | magus.rc [v1.11.3]
    33 | D:1      | Reached skill level 2 in Conjurations
    33 | D:1      | Reached XP level 2. HP: 14/15 MP: 1/6
    96 | D:1      | Found Zegrutz's Armour Shoppe.
   206 | D:1      | You pick up a book of Misfortune and begin reading...
   206 | D:1      | You add the spells Jinxbite, Yara's Violent Unravelling and
                  | Enfeeble to your library.
   433 | D:1      | Reached XP level 3. HP: 19/19 MP: 4/7
   795 | D:1      | Learned a level 2 spell: Scorch
   799 | D:1      | Learned a level 3 spell: Inner Flame
   806 | D:2      | Reached skill level 3 in Conjurations
   806 | D:2      | Reached skill level 4 in Fire Magic
   823 | D:1      | HP: 1/19 [ribbon worm (7)]
   908 | D:2      | Reached XP level 4. HP: 18/24 MP: 1/8
  1651 | D:3      | Identified a scroll of acquirement
  1651 | D:3      | Acquired a staff of fire
  1801 | D:3      | Noticed Jessica
  1804 | D:3      | Noticed Natasha
  1808 | D:3      | Killed Jessica
  1810 | D:3      | Killed Natasha
  1811 | D:3      | Reached skill level 4 in Conjurations
  1811 | D:3      | Reached XP level 5. HP: 26/28 MP: 4/10
  1920 | D:3      | Noticed Grinder
  1927 | D:3      | Noticed Natasha
  1928 | D:3      | Paralysed by Grinder for 4 turns
  1936 | D:3      | Killed Grinder
  1937 | D:3      | Reached skill level 3 in Spellcasting
  1937 | D:3      | Reached skill level 5 in Conjurations
  1937 | D:3      | Reached skill level 5 in Fire Magic
  1937 | D:3      | Reached XP level 6. HP: 26/32 MP: 4/11
  1939 | D:3      | Killed Natasha
  1965 | D:3      | Noticed Natasha
  1968 | D:3      | Killed Natasha
  2102 | D:3      | You pick up a book of Geomancy and begin reading...
  2102 | D:3      | You add the spells Sandblast, Passwall, Stone Arrow and
                  | Brom's Barrelling Boulder to your library.
  2108 | D:3      | Found a snail-covered altar of Cheibriados.
  2248 | D:3      | Reached skill level 6 in Conjurations
  2248 | D:3      | Gained mutation: Your magical flight helps you evade
                  | attacks. (EV +4) [Tengu growth]
  2248 | D:3      | Reached XP level 7. HP: 29/36 MP: 8/13
  2250 | D:3      | Reached skill level 6 in Fire Magic
  2309 | D:3      | Found a glowing golden altar of the Shining One.
  2436 | D:3      | Learned a level 4 spell: Flame Wave
  2999 | D:4      | Found a bloodstained altar of Trog.
  3254 | D:4      | You are sucked into a shaft and drop 3 floors!
  3270 | D:7      | Reached skill level 7 in Conjurations
  3397 | D:7      | HP: 8/36 [poisoned by a water moccasin]
  3398 | D:7      | Reached skill level 4 in Spellcasting
  3398 | D:7      | Reached skill level 7 in Fire Magic
  3398 | D:7      | Reached XP level 8. HP: 9/41 MP: 5/15
  3602 | D:7      | Noticed a two-headed ogre
  3672 | D:7      | Reached skill level 8 in Conjurations
  3925 | D:5      | Entered Level 5 of the Dungeon
  3963 | D:5      | HP: 10/41 [burnt (2)]
  3967 | D:5      | HP: 4/41 [burnt (2)]
  4084 | D:5      | Identified the +0 flail of the Sun {flame, rF+ Str+3}
  4105 | D:5      | Found a shimmering altar of Xom.
  4122 | D:5      | Reached skill level 8 in Fire Magic
  4180 | D:5      | Reached skill level 9 in Conjurations
  4271 | D:5      | Found a staircase to the Ecumenical Temple.
  4307 | Temple   | Entered the Ecumenical Temple
  4313 | Temple   | Became a worshipper of Vehumet
  4329 | D:5      | Learned a level 3 spell: Volatile Blastmotes
  4337 | D:5      | Found a shadowy altar of Dithmenos.
  4441 | D:5      | Reached XP level 9. HP: 37/45 MP: 7/17
  4565 | D:5      | Found a runed translucent door.
  4567 | D:5      | Noticed MrCrawl's ghost (amateur DrFE)
  4779 | D:5      | HP: 9/45 [gnoll bouda/+0 whip (8)]
  4781 | D:5      | HP: 3/45 [gnoll bouda/+0 whip (6)]
  4978 | D:5      | Noticed Edmund
  4984 | D:5      | HP: 4/45 [Edmund/+5 dire flail of venom (17)]
  4987 | D:5      | Killed Edmund
  4988 | D:5      | Reached skill level 5 in Spellcasting
  5111 | D:5      | Found an iron altar of Okawaru.
  5134 | D:5      | Killed MrCrawl's ghost
  5135 | D:5      | Reached skill level 10 in Conjurations
  5201 | D:5      | You pick up a book of Burglary and begin reading...
  5201 | D:5      | You add the spells Ensorcelled Hibernation and Swiftness to
                  | your library.
  5391 | D:6      | Reached skill level 9 in Fire Magic
  5852 | D:6      | Reached * piety under Vehumet
  5852 | D:6      | Offered knowledge of Sting by Vehumet.
  6042 | D:6      | Reached skill level 11 in Conjurations
  6440 | D:6      | You add the spells Ozocubu's Armour, Airstrike, Vhi's
                  | Electric Charge and Metabolic Englaciation to your library.
  6440 | D:6      | Got Ziatsu's Lessons on the Meteoric Winter
  6649 | D:7      | Reached skill level 10 in Fire Magic
  6650 | D:7      | HP: 3/45 [two-headed ogre/+0 giant spiked club (34)]
  6655 | D:7      | Killed a two-headed ogre
  6656 | D:7      | Reached skill level 6 in Spellcasting
  6656 | D:7      | Reached skill level 4 in Fighting
  6656 | D:7      | Reached XP level 10. HP: 35/56 MP: 6/20
  6984 | D:7      | Identified the +0 robe of the Watchman {rElec Archmagi}
  6985 | D:7      | Acquired 609 gold pieces
  7390 | D:8      | Found a flagged portal.
  7446 | D:8      | HP: 13/58 [poisoned by a water moccasin]
  7448 | D:8      | HP: 4/58 [poisoned by a water moccasin]
  7449 | D:8      | HP: 1/58 [poisoned by a water moccasin]
  7456 | D:8      | HP: 14/58 [poisoned by a water moccasin]
  7561 | Bailey   | Entered a bailey
  7621 | Bailey   | Reached skill level 1 in Armour
  7627 | Bailey   | Reached skill level 5 in Fighting
  7665 | Bailey   | HP: 12/59 [human/+0 war axe (9)]
  7666 | Bailey   | HP: 1/59 [human/+0 war axe (11)]
  7667 | Bailey   | Reached skill level 3 in Armour
  7673 | Bailey   | HP: 7/59 [human/+0 heavy hand axe (14)]
  7677 | Bailey   | Reached skill level 4 in Armour
  7684 | Bailey   | HP: 8/59 [human/+2 heavy hand axe (7)]
  7689 | Bailey   | Reached skill level 5 in Armour
  7969 | Bailey   | Reached skill level 6 in Armour
  8080 | Bailey   | Noticed a vault guard
  8093 | Bailey   | Reached skill level 3 in Dodging
  8097 | Bailey   | Killed a vault guard
  8097 | Bailey   | Reached ** piety under Vehumet
  8098 | Bailey   | Reached skill level 5 in Dodging
  8143 | Bailey   | Noticed a vault guard
  8157 | Bailey   | Killed a vault guard
  8158 | Bailey   | Reached skill level 6 in Dodging
  8158 | Bailey   | Reached XP level 11. HP: 42/63 MP: 4/21
  8180 | Bailey   | Offered knowledge of Shock by Vehumet.
  8186 | Bailey   | Reached skill level 7 in Dodging
  8727 | D:8      | Found Suing's Distillery.
  8735 | D:8      | Bought a potion of lignification for 45 gold pieces
  8735 | D:8      | Bought a potion of degeneration for 15 gold pieces
  8895 | D:8      | Noticed Prince Ribbit
  8903 | D:8      | Reached skill level 8 in Dodging
  8903 | D:8      | Killed Prince Ribbit
  9278 | D:9      | Found a broken altar of Ashenzari.
  9297 | D:9      | Noticed Psyche
  9302 | D:9      | Killed Psyche
  9561 | D:9      | HP: 13/63 [spore (8)]
  9562 | D:9      | Reached skill level 9 in Dodging
  9563 | D:9      | HP: 5/63 [lava snake/glob of lava (9)]
  9778 | D:9      | HP: 15/63 [lava snake/glob of lava (5)]
  9782 | D:9      | Found a hide-covered altar of Uskayaw.
  9806 | D:9      | Noticed a two-headed ogre
  9981 | D:9      | Killed a two-headed ogre
 10202 | D:9      | Reached skill level 10 in Dodging
 10638 | D:10     | Entered Level 10 of the Dungeon
 10896 | D:10     | HP: 9/63 [troll (8)]
 10897 | D:10     | Slain by a troll

Vanquished Creatures
  2 vault guards (Bailey)
  2 two-headed ogres
  Psyche (D:9)
  Grinder (D:3)
  Prince Ribbit (D:8)
  The ghost of MrCrawl the Firebug, an amateur DrFE (D:5)
  A blink frog (Bailey)
  A shadow (D:6)
  8 yaks
  A wyvern (D:8)
  2 steam dragons
  7 humans (Bailey)
  Edmund (D:5)
  5 acid dragons
  3 water moccasins
  2 black bears
  An orc warrior (Bailey)
  2 sky beasts (D:6)
  2 ogres (D:6)
  4 centaurs
  A phantom (D:5)
  3 kobold brigands
  11 bullfrogs
  3 scorpions
  2 electric eels (D:10)
  4 howler monkeys
  4 bombardier beetles
  A lava snake (D:9)
  A centaur zombie (D:7)
  An orc priest (D:8)
  7 hounds
  2 jellies
  A gnoll bouda (D:5)
  2 sleepcaps
  Jessica (D:3)
  2 iguanas
  Natasha (thrice) (D:3)
  An orc wizard (D:6)
  3 killer bee zombies (D:7)
  A mummy (D:7)
  13 adders
  7 gnolls
  A white imp (D:6)
  2 ufetubi (D:7)
  3 ribbon worms
  17 orcs
  6 endoplasms
  3 giant cockroaches
  15 goblins
  7 hobgoblins
  2 jackals (D:1)
  5 quokkas
  7 ball pythons
  3 bats
  5 frilled lizards
  26 kobolds
  3 rats (D:1)
227 creatures vanquished.

Vanquished Creatures (others)
  A kobold brigand (D:6)
  649 foxfires
650 creatures vanquished.

Grand Total: 877 creatures vanquished

Table legend:
 A = Non-vault XP
 B = Vault XP
 C = Vault XP percentage of total XP
 D = Non-vault monster count
 E = Vault monster count
 F = Vault count percentage of total count
                 A         B        C        D         E       F
            +---------+---------+-------+---------+---------+-------
      Total |    8109 |    6846 |  45.8 |     165 |      63 |  27.6
            +---------+---------+-------+---------+---------+-------
        D:1 |      55 |       0 |   0.0 |      32 |       0 |   0.0
        D:2 |      59 |       5 |   7.8 |      14 |       1 |   6.7
        D:3 |     201 |     367 |  64.6 |      14 |       3 |  17.6
        D:4 |     295 |       5 |   1.7 |      12 |       3 |  20.0
        D:5 |     823 |     444 |  35.0 |      21 |       4 |  16.0
        D:6 |     377 |    1034 |  73.3 |      21 |      18 |  46.2
        D:7 |    1741 |     150 |   7.9 |      13 |       5 |  27.8
        D:8 |    1591 |     285 |  15.2 |      14 |       5 |  26.3
        D:9 |    2360 |     320 |  11.9 |      19 |       1 |   5.0
       D:10 |     607 |       0 |   0.0 |       5 |       0 |   0.0
     Bailey |       0 |    4236 | 100.0 |       0 |      23 | 100.0
            +---------+---------+-------+---------+---------+-------

Skill      XL: |  1  2  3  4  5  6  7  8  9 10 11 |
---------------+----------------------------------+-----
Conjurations   | 2 3 4 5 6 7 9 11 | 11.1
Fire Magic     | 4 5 7 8 10 | 10.0
Spellcasting   | 3 4 6 |  6.0
Fighting       | 4 5 |  5.0
Armour         | 6 |  6.0
Dodging        | 6 10 | 10.3
Staves         | |  0.1
Stealth        | |  2.0
Evocations     | |  0.1

Action                     |  1- 3 |  4- 6 |  7- 9 | 10-12 || total
---------------------------+-------+-------+-------+-------++-------
  Melee: Unarmed           |    25 |       |       |       ||    25
         Kick              |     8 |       |     2 |    41 ||    51
         Peck              |     4 |       |     2 |    26 ||    32
         Staff             |       |       |     3 |   118 ||   121
         Punch             |       |       |       |     2 ||     2
   Cast: Foxfire           |    45 |    52 |   239 |    46 ||   382
         Scorch            |     6 |     3 |    30 |    32 ||    71
         Inner Flame       |       |     1 |       |     5 ||     6
         Flame Wave        |       |       |     8 |    20 ||    28
    Use: Scroll            |       |     3 |    12 |     7 ||    22
         Potion            |       |       |     4 |     4 ||     8
 Armour: Robe              |    10 |     3 |    69 |     4 ||    86
         Fire dragon scale |       |       |       |   179 ||   179
  Dodge: Dodged            |    26 |     2 |   214 |   228 ||   470
  Block: Other             |       |     4 |    47 |    65 ||   116
         Reflection        |       |     2 |     1 |     6 ||     9

Illustrated notes

Table legend:
 A = Kills in this place as a percentage of kills in the entire game.
 B = Kills by you in this place as a percentage of kills by you in the entire game.
 C = Kills by friends in this place as a percentage of kills by friends in the entire game.
 D = Other kills in this place as a percentage of other kills in the entire game.
 E = Experience gained in this place as a percentage of experience gained in the entire game.
 F = Experience gained in this place divided by the number of levels of this place that you have seen.
                   A       B       C       D       E      F
               +-------+-------+-------+-------+-------+----------------------
         Total | 100.0 | 100.0 |   N/A | 100.0 | 100.0 | 1246.2
       Dungeon |  89.9 |  89.9 |   N/A | 100.0 |  71.7 | 1071.9
        Bailey |  10.1 |  10.1 |   N/A |   0.0 |  28.3 | 4236.0
               +-------+-------+-------+-------+-------+----------------------

Table legend: (Time is in decaauts)
 A = Elapsed time spent in this place.
 B = Non-inter-level travel time spent in this place.
 C = Inter-level travel time spent in this place.
 D = Time resting spent in this place.
 E = Time spent auto-exploring this place.
 F = Levels seen in this place.
 G = Mean time per level.
                   A        B        C        D        E       F      G
               +--------+--------+--------+--------+--------+-----+--------+
         Total |  10928 |  10620 |    308 |    655 |   8176 |  12 |  910.7 |
       Dungeon |  10128 |   9824 |    304 |    367 |   7856 |  10 | 1012.8 |
        Temple |     12 |      8 |      4 |      0 |      0 |   1 |   12.0 |
        Bailey |    787 |    787 |      0 |    288 |    320 |   1 |  787.0 |
               +--------+--------+--------+--------+--------+-----+--------+

Top non-repeatable levels by time:
     D:9: 1606 daAuts
     D:6: 1417 daAuts
     D:5: 1315 daAuts
     D:7: 1272 daAuts
     D:8: 1043 daAuts
     D:1: 891 daAuts
     D:4: 878 daAuts
     D:3: 823 daAuts
  Bailey: 787 daAuts
     D:2: 752 daAuts
    D:10: 126 daAuts
  Temple: 12 daAuts
